cohdb
Replays
Latest Replays
All Replays
Popular Replays
Top Player Replays
Match Explorer
How It Works
Community
CoH3 Stats
Reddit
Sign in to upload your games and track your stats! →
Sign in with Steam
Match 42162463
Unlisted
Match 42162463
Overview
Messages
Build Orders
End
Vickers Machine Gun Team
Construct Section Command Post
Dingo Light Scout Car
Infantry Section
Infantry Section
Construct Platoon Command Post
Humber Armored Car
Infantry Section
Construct Field Infirmary
Construct Field Infirmary
ML 3-inch Mortar Team
Selects Indian Artillery Battlegroup
Selects War Cry
Selects Gurkha Rifles Section
Selects Volunteer Infantry
STALKER4732
SoyaLors
ezh
kit.ohume
G0ldrabe TTV
咸鱼光
I.S.M.A.I.L
Getmeout
0
0
Comments
sign in to comment!
No comments posted yet!